 Dungeon Crawl Stone Soup version 0.24-a0-530-g18ba70b503 (webtiles) character file.

Game seed: 10845204467511121130

2859 Gargoyl the Covered (level 9, -4/72 HPs)
             Began as a Centaur Abyssal Knight on Aug 8, 2019.
             Was an Elder of Lugonu.
             Slain by a two-headed ogre
             ... wielding a +0 giant club
              (19 damage)
             ... on level 9 of the Dungeon.
             The game lasted 00:16:41 (9832 turns).

Gargoyl the Covered (Centaur Abyssal Knight)        Turns: 9832, Time: 00:16:41

Health: -4/72      AC: 14    Str: 19    XL:     9   Next: 47%
Magic:  13/13      EV:  8    Int: 11    God:    Lugonu [****..]
Gold:   375        SH:  3    Dex: 10    Spells: 8/8 levels left

rFire    . . .     SeeInvis .   a - +2 hand axe
rCold    . . .     Gourm    .   g - +0 buckler
rNeg     . . .     Faith    .   e - +2 plate armour
rPois    .         Spirit   .   d - +1 helmet
rElec    .         Reflect  .   (no cloak)
rCorr    .         Harm     .   (no gloves)
MR       .....                  (no barding)
Stlth    ..........             f - amulet of the acrobat
HPRegen  0.22/turn              k - +2 ring of strength
MPRegen  0.13/turn              x - +4 ring of evasion

@: very quick
A: large, hooves 3, deformed body, speed 2, tough skin 3
a: Depart the Abyss, Bend Space, Banish, Corrupt, Renounce Religion


You were on level 9 of the Dungeon.
You worshipped Lugonu.
Lugonu was greatly pleased with you.
You were near starving.

You visited 1 branch of the dungeon, and saw 9 of its levels.
You visited the Abyss 1 time.

You collected 433 gold pieces.
You spent 58 gold pieces at shops.

Inventory:

Hand Weapons
 a - a +2 hand axe (weapon)
Missiles
 A - 7 silver boomerangs (quivered)
Armour
 d - a +1 helmet (worn)
 e - a +2 plate armour (worn)
 g - a +0 buckler (worn)
Jewellery
 f - an amulet of the acrobat (around neck)
 k - a +2 ring of strength (left hand)
 x - a +4 ring of evasion (right hand)
Wands
 o - a wand of random effects (9)
 p - a wand of iceblast (5)
 r - a wand of enslavement (9)
 u - a wand of flame (17)
 y - a wand of paralysis (8)
Scrolls
 h - 6 scrolls of remove curse
 i - a scroll of identify
 l - 3 scrolls of fog
 n - 3 scrolls of teleportation
 v - a scroll of magic mapping
Potions
 b - a potion of haste
 j - 6 potions of curing
 m - 2 potions of heal wounds
 q - a potion of lignification
 s - a potion of brilliance {unknown}
 w - a potion of resistance {unknown}
Comestibles
 c - 14 rations


   Skills:
 + Level 4.7 Fighting
 + Level 5.8 Axes
 + Level 1.0 Throwing
 * Level 6.0 Armour
 * Level 4.1 Dodging
 + Level 1.3 Shields
 * Level 5.6 Invocations
 + Level 1.2 Evocations


You had 8 spell levels left.
You didn't know any spells.
Your spell library was empty.

Dungeon Overview and Level Annotations

Branches:
Dungeon (9/15)             Temple (0/1) D:6
   Lair: D:8-11         Orc: D:9-12

Altars:
Ashenzari
Cheibriados
Elyvilon
Fedhas
Kikubaaqudgha
Okawaru
Trog
Uskayaw
Vehumet
Wu Jian
Xom
Yredelemnul
The Shining One

Shops:
D:5 =[   D:7 :


Innate Abilities, Weirdness & Mutations

You have hooves in place of feet.
Armour fits poorly on your strangely shaped body.
You cover ground very quickly.
You have extremely tough skin. (AC +3)


Message History

You kick the two-headed ogre, but do no damage.
The two-headed ogre is heavily wounded.
The two-headed ogre closely misses you.
The two-headed ogre hits you with a +0 giant spiked club.
You slash the two-headed ogre!
The two-headed ogre is severely wounded.
You hit the two-headed ogre.
The two-headed ogre is severely wounded.
The two-headed ogre hits you with a +0 giant club!
The two-headed ogre barely misses you.
You hit the two-headed ogre. You kick the two-headed ogre.
The two-headed ogre is severely wounded.
The two-headed ogre hits you with a +0 giant club!!
The two-headed ogre hits you with a +0 giant spiked club.
You slash the two-headed ogre! You kick the two-headed ogre.
The two-headed ogre is almost dead.
The two-headed ogre hits you with a +0 giant club!
* * * LOW HITPOINT WARNING * * *
The two-headed ogre hits you with a +0 giant spiked club!!
You die...

### ... #.. #.#
#.# #######.#
........##########
......O@..........
#######...........
#...######## #...#
#...#####
#######.........
................
..........######
#####.....#


You could see a two-headed ogre.

Vanquished Creatures
  A hippogriff (D:6)
  Sigmund (D:3)
  2 ice beasts
  2 sky beasts
  A phantom (D:8)
  3 ogres
  2 centaurs
  2 bullfrogs (D:7)
  A wyvern skeleton (D:8)
  3 scorpions
  A howler monkey (D:4)
  4 crimson imps
  2 centaur zombies
  An orc priest (D:6)
  2 centaur skeletons (D:5)
  A hound (D:6)
  2 jellies
  3 bullfrog skeletons
  An iguana (D:4)
  2 orc wizards (D:6)
  Ijyb (D:3)
  7 worker ants
  A hound zombie (D:6)
  A hound skeleton (D:5)
  4 gnolls (D:5)
  13 adders
  An ooze (D:2)
  An adder zombie (D:8)
  4 worms
  A dart slug (D:4)
  2 leopard geckos
  8 orcs
  5 giant cockroaches
  8 hobgoblins
  11 jackals
  9 kobolds
  9 quokkas
  5 bats
  5 frilled lizards
  5 goblins
  6 rats
144 creatures vanquished.

Vanquished Creatures (others)
  A two-headed ogre (D:8)
1 creature vanquished.

Grand Total: 145 creatures vanquished

Notes
Turn   | Place    | Note
-------+----------+-------------------------------------------
     0 | Abyss:1  | Gargoyl the Centaur Abyssal Knight began the quest for the
                  | Orb.
     0 | Abyss:1  | Reached XP level 1. HP: 19/19 MP: 2/2
    69 | Abyss:1  | Found a corrupted altar of Lugonu.
   114 | Abyss:1  | Noticed a chaos spawn
   114 | Abyss:1  | Noticed a chaos spawn
   114 | Abyss:1  | Noticed a chaos spawn
   114 | Abyss:1  | Noticed a chaos spawn
   143 | Abyss:1  | Noticed an anaconda zombie
   147 | Abyss:1  | Noticed a wretched star
   150 | D:1      | Escaped the Abyss
   649 | D:1      | Reached XP level 2. HP: 26/26 MP: 3/3
  1024 | D:1      | Reached * piety under Lugonu
  1127 | D:1      | Reached skill level 1 in Dodging
  1475 | D:2      | Reached XP level 3. HP: 31/31 MP: 4/4
  1549 | D:2      | Reached skill level 2 in Armour
  1593 | D:2      | Reached XP level 4. HP: 24/38 MP: 5/5
  1743 | D:2      | Found a hide-covered altar of Uskayaw.
  1777 | D:2      | Noticed a centaur
  1786 | D:2      | Killed a centaur
  1786 | D:2      | Reached XP level 5. HP: 22/45 MP: 5/7
  2066 | D:2      | Found a basalt altar of Yredelemnul.
  2754 | D:3      | Noticed Sigmund
  2777 | D:3      | Killed Sigmund
  2777 | D:3      | Reached skill level 3 in Armour
  2777 | D:3      | Reached XP level 6. HP: 27/52 MP: 8/8
  3190 | D:3      | Reached ** piety under Lugonu
  3252 | D:3      | Found an ancient bone altar of Kikubaaqudgha.
  3575 | D:3      | Noticed Ijyb
  3597 | D:3      | Killed Ijyb
  3902 | D:4      | Found an iron altar of Okawaru.
  3992 | D:4      | Found a blossoming altar of Fedhas.
  4328 | D:4      | Reached XP level 7. HP: 40/58 MP: 9/9
  5215 | D:5      | Entered Level 5 of the Dungeon
  5605 | D:5      | Found Gocliky's Jewellery Boutique.
  5618 | D:5      | Bought a cursed +2 ring of strength for 58 gold pieces
  5902 | D:5      | Reached skill level 4 in Armour
  6064 | D:5      | Reached XP level 8. HP: 52/66 MP: 11/11
  6186 | D:5      | Reached *** piety under Lugonu
  6276 | D:5      | Found an ornate altar of the Wu Jian Council.
  6277 | D:5      | Found a snail-covered altar of Cheibriados.
  6339 | D:5      | Found Ynozew's Armour Shoppe.
  6534 | D:6      | Found a staircase to the Ecumenical Temple.
  6617 | D:6      | Found a white marble altar of Elyvilon.
  6682 | D:6      | Noticed a hippogriff
  6700 | D:6      | Killed a hippogriff
  6979 | D:6      | Found a bloodstained altar of Trog.
  6979 | D:6      | Found a radiant altar of Vehumet.
  6979 | D:6      | Found a glowing golden altar of the Shining One.
  7521 | D:6      | Reached skill level 5 in Armour
  7786 | D:6      | Found a shattered altar of Ashenzari.
  7787 | D:6      | Found a shimmering altar of Xom.
  7960 | D:7      | Found a glowing golden altar of the Shining One.
  7979 | D:7      | Reached skill level 5 in Axes
  8090 | D:7      | Reached skill level 5 in Invocations
  8332 | D:7      | Reached skill level 1 in Shields
  8625 | D:7      | Reached XP level 9. HP: 72/72 MP: 12/12
  8651 | D:7      | Found Togim's Book Boutique.
  9024 | D:8      | Reached **** piety under Lugonu
  9264 | D:8      | Found a shimmering altar of Xom.
  9302 | D:8      | Reached skill level 1 in Evocations
  9670 | D:8      | Noticed a two-headed ogre
  9680 | D:8      | Banished a two-headed ogre
  9680 | D:8      | Reached skill level 1 in Throwing
  9680 | D:8      | Reached skill level 6 in Armour
  9818 | D:9      | Noticed a two-headed ogre
  9832 | D:9      | Slain by a two-headed ogre

Levels and vault maps discovered:
D:1:      evilmike_arrival_rings, layout_loops_corners
D:2:      layout_loops_cross, overflow_temple_1_default,
          overflow_temple_1_default, first_ration
D:3:      layout_basic, general_overflow_altar, chequers_mini_garden,
          minivault_4, grunt_ministairs_14, kennysheep_cluttered_room,
          uniq_sigmund, uniq_ijyb
D:4:      kennysheep_big_flooded_room, layout_loops_cross, old_standard_altar,
          kennysheep_little_box, minmay_vboxes
D:5:      layout_basic, gammafunk_temple_overflow_pools, serial_shops, shop,
          kennysheep_mini_moat
D:6:      layout_basic, lemuel_round_altar,
          chequers_temple_overflow_statue_of_worship,
          gammafunk_temple_overflow_statue, minmay_temple_entry_large_hall
D:7:      layout_layer_cave, serial_shops, shop_coins, tso_metal_star
D:8:      layout_rooms, basic_altar
D:9:      minmay_blocky_corners, layout_long_grid, erik_orc_3,
          ebering_ghost_disaster_area

Skill      XL: |  1  2  3  4  5  6  7  8  9 |
---------------+----------------------------+-----
Dodging        | 1 2 3 4 |  4.1
Axes           | 2 3 4 5 |  5.8
Armour         | 2 3 4 5 6 |  6.0
Invocations    | 3 4 5 |  5.6
Fighting       | 4 |  4.7
Shields        | 1 |  1.3
Evocations     | 1 |  1.2
Throwing       | 1 |  1.0

Action                   |  1- 3 |  4- 6 |  7- 9 || total
-------------------------+-------+-------+-------++-------
Melee: Hand axe          |   114 |   169 |   382 ||   665
       Kick              |    13 |    40 |   101 ||   154
Throw: Boomerang         |       |       |    15 ||    15
Invok: Depart the Abyss  |     1 |       |       ||     1
       Banish            |       |       |     1 ||     1
Evoke: Wand              |       |     4 |    31 ||    35
  Use: Scroll            |     4 |     4 |    10 ||    18
       Potion            |       |       |     2 ||     2
 Stab: Paralysed         |       |       |     6 ||     6
  Eat: Chunk             |     1 |     7 |    14 ||    22
Armor: Ring mail         |    70 |    60 |       ||   130
       Plate armour      |       |    22 |   251 ||   273
       Chain mail        |       |    15 |       ||    15
Dodge: Dodged            |    75 |    60 |   104 ||   239
Block: Buckler           |       |    12 |    49 ||    61

Table legend:
 A = Non-vault XP
 B = Vault XP
 C = Vault XP percentage of total XP
 D = Non-vault monster count
 E = Vault monster count
 F = Vault count percentage of total count
                 A         B        C        D         E       F
            +---------+---------+-------+---------+---------+-------
      Total |    3606 |     479 |  11.7 |     133 |      12 |   8.3
            +---------+---------+-------+---------+---------+-------
        D:1 |      35 |       0 |   0.0 |      23 |       0 |   0.0
        D:2 |     232 |       0 |   0.0 |      27 |       0 |   0.0
        D:3 |      25 |     258 |  91.2 |       8 |       7 |  46.7
        D:4 |     154 |     221 |  58.9 |      10 |       5 |  33.3
        D:5 |     643 |       0 |   0.0 |      20 |       0 |   0.0
        D:6 |     633 |       0 |   0.0 |      14 |       0 |   0.0
        D:7 |     816 |       0 |   0.0 |      16 |       0 |   0.0
        D:8 |    1068 |       0 |   0.0 |      15 |       0 |   0.0
            +---------+---------+-------+---------+---------+-------
